 Dungeon Crawl Stone Soup version 0.27.1-34-g3ba077fa99 (webtiles) character file.

Game seed: 12636799334544768705

205 safid the Chopper (level 5, -1/46 HPs)
             Began as a Hill Orc Fighter on Jan 22, 2022.
             Slain by an iguana (11 damage)
             ... on level 5 of the Dungeon.
             The game lasted 00:06:37 (3633 turns).

safid the Chopper (Hill Orc Fighter)                Turns: 3633, Time: 00:06:38

Health: -1/46      AC:  7    Str: 20    XL:     5   Next: 83%
Magic:  5/5        EV:  7    Int:  8    God:
Gold:   219        SH:  9    Dex: 10    Spells: 4/4 levels left

rFire    . . .     SeeInvis .   a - +0 war axe
rCold    . . .     Faith    .   c - +0 kite shield
rNeg     . . .     Spirit   .   b - +0 scale mail
rPois    .         Reflect  .   (no helmet)
rElec    .         Harm     .   (no cloak)
rCorr    .         Rampage  .   (no gloves)
Will     .....                  (no boots)
Stlth    ..........             (no amulet)
HPRegen  0.15/turn              (no ring)
MPRegen  0.09/turn              (no ring)

@: no status effects
A: no striking features
a: no special abilities


You were on level 5 of the Dungeon.
You visited 1 branch of the dungeon, and saw 5 of its levels.

You collected 219 gold pieces.

Inventory:

Hand Weapons
 a - a +0 war axe (weapon)
Armour
 b - a +0 scale mail (worn)
 c - a +0 kite shield (worn)
Jewellery
 t - a ring of see invisible
Wands
 s - a wand of mindburst (19)
Scrolls
 f - 2 scrolls of magic mapping {unknown}
 g - 2 scrolls of teleportation {unknown}
 h - a scroll of immolation {unknown}
 i - a scroll of summoning {unknown}
 l - a scroll of identify {unknown}
 n - 2 scrolls of noise {unknown}
 r - a scroll of blinking {unknown}
Potions
 d - 2 potions of might
 e - a potion of magic {unknown}
 j - a potion of cancellation {unknown}
 k - 2 potions of brilliance
 m - a potion of lignification {unknown}
 o - a potion of curing {unknown}
 p - 2 potions of heal wounds
 q - a potion of attraction {unknown}


   Skills:
 - Level 4.0 Fighting
 + Level 5.2 Axes
 - Level 4.0 Armour
 + Level 5.1 Shields


You had 4 spell levels left.
You didn't know any spells.
Your spell library contained the following spells:

 Spells                   Type           Power      Damage    Failure   Level
 Beastly Appendage        Tmut           0%         N/A       99%         1
 Wereblood                Tmut           0%         N/A       100%        2
 Dazzling Flash           Conj/Hex       0%         N/A       100%        3
 Spider Form              Tmut/Pois      0%         N/A       100%        3
 Iskenderun's Mystic Bla  Conj/Tloc      0%         2d3       100%        4
 Starburst                Conj/Fire      0%         6d3       100%        6
 Chain Lightning          Conj/Air       0%         N/A       100%        9
 Fire Storm               Conj/Fire      0%         5d1       100%        9


Dungeon Overview and Level Annotations

Branches:
Dungeon (5/15)             Temple (0/1) D:4

Altars:
Kikubaaqudgha

Shops:
D:2 :

Annotations:
D:2 1 runed translucent door, Crazy Yiuf
D:4 2 transporters, Lutefisk's ghost, amateur TeAE


Message History

You closely miss the iguana.
The iguana is heavily wounded.
You block the iguana's attack.
You barely miss the iguana.
The iguana is heavily wounded.
The iguana bites you! The iguana closely misses you.
You are too injured to fight recklessly!
You are too injured to fight recklessly!
You are too injured to fight recklessly!
You are too injured to fight recklessly!
You are too injured to fight recklessly!
You are too injured to fight recklessly!
You are too injured to fight recklessly!
You are too injured to fight recklessly!
You are too injured to fight recklessly!
You are too injured to fight recklessly!
You are too injured to fight recklessly!
You are too injured to fight recklessly!
You are too injured to fight recklessly!
You are too injured to fight recklessly!
You are too injured to fight recklessly!
You are too injured to fight recklessly!
You are too injured to fight recklessly!
You slash the iguana!
The iguana is almost dead.
The iguana bites you.
* * * LOW HITPOINT WARNING * * *
Unknown command.
You closely miss the iguana.
The iguana is almost dead.
You block the iguana's attack. The iguana bites you.
* * * LOW HITPOINT WARNING * * *
You hit the iguana but do no damage.
The iguana is almost dead.
You block the iguana's attack.
Unknown command.
You barely miss the iguana.
The iguana is almost dead.
The iguana bites you!
You die...

#########
#.......#
#@#####.#
#l#####.##
#.##.....#
#.##.##..#
#.##.##..#
........<#
#####.#..#
#...##
......


You could see an iguana.

Vanquished Creatures
  A jelly (D:4)
  An orc wizard (D:4)
  3 adders
  A river rat (D:3)
  A worm (D:3)
  3 dart slugs
  10 orcs
  6 endoplasms
  5 giant cockroaches
  7 goblins
  9 hobgoblins
  2 jackals (D:2)
  3 quokkas
  2 ball pythons
  5 bats
  5 frilled lizards
  4 kobolds
  2 rats
70 creatures vanquished.

Vanquished Creatures (others)
  An orc wizard (D:4)
1 creature vanquished.

Grand Total: 71 creatures vanquished

Notes
Turn   | Place    | Note
-------+----------+-------------------------------------------
     0 | D:1      | safid the Hill Orc Fighter began the quest for the Orb.
     0 | D:1      | Reached XP level 1. HP: 19/19 MP: 1/1
     2 | D:1      | Noticed a barachi
     2 | D:1      | Noticed a dwarf
     4 | D:1      | Noticed a spriggan
     4 | D:1      | Noticed an ogre
     6 | D:1      | Noticed a djinni
     6 | D:1      | Noticed a demigod
     8 | D:1      | Noticed an elf
     8 | D:1      | Noticed a troll
    10 | D:1      | Noticed a vine stalker
    10 | D:1      | Noticed a human
    12 | D:1      | Noticed a tengu
    14 | D:1      | Noticed a vampire
    14 | D:1      | Noticed a palentonga
    16 | D:1      | Noticed a felid
    18 | D:1      | Noticed a formicid
    18 | D:1      | Noticed a gargoyle
    20 | D:1      | Noticed a ghoul
    20 | D:1      | Noticed a minotaur
    22 | D:1      | Noticed a demonspawn
    24 | D:1      | Noticed a merfolk
    24 | D:1      | Noticed a draconian
    26 | D:1      | Noticed an octopode
    26 | D:1      | Noticed a naga
   214 | D:1      | Reached XP level 2. HP: 27/27 MP: 2/2
   876 | D:2      | Found a faded altar of an unknown god.
   896 | D:2      | Reached XP level 3. HP: 32/33 MP: 3/3
   923 | D:2      | Found Neocoul's Book Shoppe.
   965 | D:2      | Found a runed translucent door.
   966 | D:2      | Noticed Crazy Yiuf
  1716 | D:3      | Reached XP level 4. HP: 36/40 MP: 4/4
  2697 | D:4      | Noticed Lutefisk's ghost (amateur TeAE)
  2732 | D:4      | Reached XP level 5. HP: 38/46 MP: 5/5
  3066 | D:4      | Found an ancient bone altar of Kikubaaqudgha.
  3167 | D:4      | Found a staircase to the Ecumenical Temple.
  3234 | D:4      | HP: 2/46 [orc (2)]
  3263 | D:4      | Reached skill level 5 in Axes
  3269 | D:4      | Reached skill level 5 in Shields
  3533 | D:4      | Noticed a toenail golem
  3542 | D:4      | Found a transporter.
  3559 | D:4      | Found a transporter.
  3606 | D:5      | Entered Level 5 of the Dungeon
  3633 | D:5      | Slain by an iguana

Illustrated notes

Levels and vault maps discovered:
D:1:      kb_arrival_jail, layout_loops_ring
D:2:      layout_rooms, serial_shops, shop, hellmonk_ecumenical_altar_run_dry,
          uniq_crazy_yiuf_cottage
D:3:      layout_basic, gup_sewer_entry_spiral, amcnicky_mini_corridor_feature
D:4:      layout_rooms, nicolae_kikubaaqudgha_miasma_corner,
          minmay_temple_entry_poolview, gammafunk_ghost_abyssal_escape
D:5:      cheibrodos_iron_armory, layout_loops_cross, sigmund_edmund_badplayer

Skill      XL: |  1  2  3  4  5 |
---------------+----------------+-----
Axes           | 3 4 5 |  5.2
Fighting       | 4 |  4.0
Armour         | 4 |  4.0
Shields        | 4 5 |  5.1

Action                   |  1- 3 |  4- 6 || total
-------------------------+-------+-------++-------
Melee: War axe           |   111 |   152 ||   263
  Use: Potion            |       |     2 ||     2
Armor: Scale mail        |    45 |    68 ||   113
Dodge: Dodged            |    34 |    48 ||    82
Block: Kite shield       |    66 |    79 ||   145
